 Dungeon Crawl Stone Soup version 0.19-a0-958-gd69d43c (webtiles) character file.

28 Charly the Insei (level 3, 0/17 HPs)
             Began as a Vine Stalker Transmuter on July 11, 2016.
             Slain by a quokka (2 damage)
             ... on level 2 of the Dungeon.
             The game lasted 00:07:26 (484 turns).

Charly the Insei (Vine Stalker Transmuter)           Turns: 484, Time: 00:07:26

Health: 0/17       AC:  3    Str: 12    XL:     3   Next: 12%
Magic:  0/7        EV: 11    Int: 14    God:
Gold:   37         SH:  0    Dex: 14    Spells: 2 memorised, 3 levels left

rFire  . . .     SeeInvis .       - Unarmed
rCold  . . .     Gourm    .     k - +0 leather armour (curse)
rNeg   . . .     Faith    .     (no shield)
rPois  .         Spirit   +     (no helmet)
rElec  .         Dismiss  .     (no cloak)
rCorr  .         Reflect  .     (no gloves)
SustAt .         Harm     .     (no boots)
MR     .....                    (no amulet)
Stlth  +.........               (no ring)
                                (no ring)

@: very slightly contaminated, not resistant to hostile enchantments, very
unstealthy
A: fangs 2, regeneration 1, magic shield, antimagic bite, no device heal 3, rot
immunity
a: no special abilities


You were on level 2 of the Dungeon.
You were very full.

You visited 1 branch of the dungeon, and saw 3 of its levels.

You collected 37 gold pieces.

Inventory:

Missiles
 a - 10 arrows
Armour
 b - a +0 robe
 k - a cursed +0 leather armour (worn)
 l - a cursed +0 robe
Wands
 g - a wand of paralysis (13/24)
Scrolls
 j - a scroll of immolation {unknown}
Potions
 e - 2 potions of agility {unknown}
 h - a potion of berserk rage {unknown}
 i - a potion of curing {unknown}
Books
 c - a book of Changes

   Spells                             Type                      Level
   a - Beastly Appendage              Transmutation                1
   b - Sticks to Snakes               Transmutation                2
   c - Spider Form                    Transmutation/Poison         3
   d - Ice Form                       Ice/Transmutation            4
   e - Blade Hands                    Transmutation                5
Comestibles
 d - a bread ration
 f - a meat ration


   Skills:
 - Level 0.8 Fighting
 - Level 1.5 Dodging
 + Level 4.2 Unarmed Combat
 - Level 2.1 Spellcasting
 - Level 2.0 Transmutations


You had 3 spell levels left.
You knew the following spells:

 Your Spells              Type           Power        Failure   Level  Hunger
a - Beastly Appendage     Tmut           #.....       14%         1    #......
s - Sticks to Snakes      Tmut           #.......     21%         2    ###....


Dungeon Overview and Level Annotations

Branches:
Dungeon (3/15)

Altars:
Pakellas
The Shining One


Innate Abilities, Weirdness & Mutations

You have extremely sharp teeth.
Your natural rate of healing is unusually fast.
When hurt, damage is shared between your health and your magic reserves.
Your bite disrupts and absorbs the magic of your enemies.
Potions and wands cannot restore your health.
You are immune to rotting.


Message History

The quokka barely misses you.
You hit the quokka.
The quokka is almost dead.
The quokka bites you but does no damage.
You barely miss the quokka.
The quokka is almost dead.
The quokka bites you.
* * * LOW HITPOINT WARNING * * *
The quokka bites you but does no damage.
You barely miss the quokka. You bite the quokka, but do no damage.
The quokka is almost dead.
The quokka barely misses you.
You barely miss the quokka.
The quokka is almost dead.
The quokka bites you.
* * * LOW HITPOINT WARNING * * *
You closely miss the quokka.
The quokka is almost dead.
The quokka bites you.
You die...

##.#.# #..#.#
#.##.# # # #.##.#
###..
#.#.##.##...#.
#####.#.##.#......
.........w........
........##>#$....
###....wr@.# ..#
#####.#### #
#.#########
#.##......#
#.##.####.# #.##.#
#.# #.##.# #.# #.
#.# #.######
#.##.# #......####


You could see a worm and a quokka.

Vanquished Creatures
  An adder (D:2)
  3 bats (D:2)
  A goblin (D:1)
  A hobgoblin (D:1)
  2 kobolds
  3 rats
11 creatures vanquished.

Vanquished Creatures (collateral kills)
  An adder (D:3)
  An orc (D:3)
2 creatures vanquished.

Grand Total: 13 creatures vanquished

Notes
Turn   | Place    | Note
-------+----------+-------------------------------------------
     0 | D:1      | Charly the Vine Stalker Transmuter began the quest for the Orb.
     0 | D:1      | Reached XP level 1. HP: 9/9 MP: 4/4
   110 | D:2      | Found a glowing golden altar of the Shining One.
   189 | D:2      | Found an oddly glowing altar of Pakellas.
   256 | D:2      | Reached XP level 2. HP: 14/14 MP: 6/6
   261 | D:2      | Learned a level 2 spell: Sticks to Snakes
   477 | D:2      | Reached skill level 4 in Unarmed Combat
   477 | D:2      | Reached XP level 3. HP: 4/17 MP: 1/7
   484 | D:2      | Slain by a quokka

Vault maps used:
D:1:      dpeg_arrival_subterranean_lakeside_camping, minmay_misc_feat_diagonals
D:2:      tso_metal_star, minmay_misc_feat_ornament, grunt_pakellas_salt
D:3:      marbit_many_paths, okawaru_trees_2

Skill      XL: |  1  2 |
---------------+-------+-----
Unarmed Combat | 4 |  4.2
Fighting       | |  0.8
Dodging        | |  1.5
Spellcasting   | |  2.1
Transmutations | |  2.0

Action                   || total
-------------------------++-------
Melee: Unarmed           ||    61
       Bite              ||     6
 Cast: Sticks to Snakes  ||     2
  Eat: Pizza             ||     1
       Beef jerky        ||     3
Armor: Robe              ||    13
       Leather armour    ||     9
Dodge: Dodged            ||    36
